 Dungeon Sprint DCSS version 0.30-a0-965-g42e074c17a (webtiles) character file.

Game seed: 9314660392770885753

1100000 sircluck the Sorcerer (level 14, -28/85 HPs)
             Began as a Djinni Ice Elementalist on Mar 31, 2023.
             Annihilated by a meat berserker
             ... wielding a +9 battleaxe
              (51 damage)
             ... in the Dungeon (Sprint VIII: "Arena of Blood").
             The game lasted 00:01:06 (11 turns).

sircluck the Sorcerer (Djinni Ice Elementalist)       Turns: 11, Time: 00:01:06

Health: -28/85     AC:  2    Str:  7    XL:     14   Next: 11%
Gold:   0          EV: 16    Int: 22    God:
                   SH:  0    Dex: 14

rFire   + + .      SeeInvis .    g - +∞ Axe of Woe
rCold   x . .      Faith    .    (shield currently unavailable)
rNeg    . . .      Spirit   .    a - +0 robe
rPois   ∞          Reflect  .    (no helmet)
rElec   .          Rampage  .    (no cloak)
rCorr   .          NoTele   +    (no gloves)
Will    +....                    (boots unavailable)
Stlth   +++                      (no amulet)
HPRegen 0.34/turn                (no ring)
MPRegen 0.00/turn                (no ring)

@: flying
A: sickness immunity, fire resistance 2, cold vulnerability 1, float, innate
caster, HP casting, extra vitality 1
a: no special abilities


You were in the Dungeon.
You visited 1 branch

Inventory:

Hand Weapons
 g - the +∞ Axe of Woe (weapon)
   (You found it in the Dungeon)
Armour
 a - a +0 robe (worn)
Potions
 b - a potion of curing
 c - a potion of heal wounds
 d - a potion of haste
 e - a potion of berserk rage


   Skills:
 + Level 2.3 Fighting
 + Level 7.5 Axes
 + Level 9.6 Dodging
 + Level 7.1 Stealth
 + Level 25.3 Spellcasting


You knew the following spells:

 Your Spells              Type           Power      Damage    Failure   Level
a - Freeze                Ice            100%       1d10      0%          1
b - Frozen Ramparts       Ice            100%       1d16      0%          3
c - Ozocubu's Armour      Ice            96%        N/A       0%          3
d - Summon Ice Beast      Ice/Summ       96%        N/A       0%          4
e - Necrotise             Necr           100%       1d9       0%          1
f - Searing Ray           Conj           100%       2d8       0%          2
g - Tukima's Dance        Hex            96%        N/A       0%          3
h - Petrify               Tmut/Erth      96%        N/A       0%          4
i - Cause Fear            Hex            48%        N/A       0%          4
j - Borgnjor's Vile Clut  Necr/Erth      48%        N/A       0%          5
Your spell library was empty.

Dungeon Overview and Level Annotations

Branches:
Dungeon (1/1)

Altars:
Makhleb


Innate Abilities, Weirdness & Mutations

You are immune to sickness and miasma.
You are immune to poison.
Your flesh is very heat resistant. (rF++)
You are vulnerable to cold. (rC-)
You float through the air rather than walking.
You learn spells naturally, not from books.
Your magical power is your life essence.
You have superior vitality. (+4 MHP)


Message History

Unknown command.
Unknown command.
You slash the bag of meat!
You hew the bag of meat savagely.
You kill the bag of meat!
You hit the meat berserker.
You pulverise the meat berserker into a thin bloody mist.
You kill the meat berserker!
You slash the bag of meat!
You butcher the bag of meat messily.
You kill the bag of meat!
You hear a shout! x6
A bag of meat comes into view. It is wielding a +9 war axe.
You hear a shout! x5
The bag of meat hits you with a +9 war axe!!!
Ouch! That really hurt!
* * * LOW HITPOINT WARNING * * *
You hear a shout!
The bag of meat moves out of view.
You hear a shout! x2
Your Fighting skill gained 2 levels and is now at level 2!
Your Axes skill gained 5 levels and is now at level 7!
Your Dodging skill gained 3 levels and is now at level 9!
Your Stealth skill gained 2 levels and is now at level 7!
Your Spellcasting skill gained 7 levels and is now at level 25!
You have reached level 12!
You feel clever.
You have reached level 13!
The power to cast Borgnjor's Vile Clutch wells up from within.
Spell assigned to 'j'.
You have reached level 14!
Cast which spell? (? or * to list)
Okay, then.
Blink to where?
Press: ? - help, Q - select action, (/) - cycle Dir - move target A large bag of meat, a meat berserker and 4 bags of meat come into view.
As you read the scroll of blinking, it crumbles to dust.
The large bag of meat shouts in stereo!
The bag of meat shouts!
The meat berserker shouts!
The bag of meat shouts!
You hear a shout! x10
The meat berserker hits you with a +9 battleaxe!!!
Ouch! That really hurt!
You die...

. ### .. ##.. .##
...o ....
.O####.....
#.oO.o....
#@.........#.#..
#...............
.#..............
.. #...oo........
... ....o........
....
....oo.......
.#... ..#)......#
.....#.
..#.§)....#
...###o).....###.


You could see a large bag of meat (inner flame), a meat berserker (berserk) and
8 bags of meat.

Vanquished Creatures
  An ogre (D)
  3 orcs (D)
4 creatures vanquished.

Notes
Turn   | Place    | Note
-------+----------+-------------------------------------------
     0 | D        | Found the +∞ Axe of Woe
     0 | D        | sircluck the Djinni Ice Elementalist began the quest for
                  | the Orb.
     0 | D        | sircluck set off with the following spells memorised:
                  | Freeze, Frozen Ramparts, Ozocubu's Armour, Summon Ice
                  | Beast.
     0 | D        | Reached XP level 1. HP: 15/15 MP: 0/0
     5 | D        | Noticed a bag of meat
     5 | D        | Noticed a bag of meat
     5 | D        | Noticed a bag of meat
     6 | D        | Noticed a meat berserker
     7 | D        | Noticed a bag of meat
     7 | D        | Noticed a bag of meat
     7 | D        | Noticed a meat berserker
     8 | D        | Noticed a bag of meat
     8 | D        | Noticed a bag of meat
     8 | D        | Noticed a bag of meat
     9 | D        | Killed a bag of meat
     9 | D        | Noticed a bag of meat
    10 | D        | Reached skill level 5 in Stealth
    10 | D        | Reached skill level 18 in Spellcasting
    10 | D        | Reached XP level 2. HP: 21/21 MP: 0/0
    10 | D        | Reached XP level 3. HP: 25/25 MP: 0/0
    10 | D        | Learned a level 1 spell: Necrotise
    10 | D        | Reached XP level 4. HP: 31/31 MP: 0/0
    10 | D        | Reached XP level 5. HP: 35/35 MP: 0/0
    10 | D        | Learned a level 2 spell: Searing Ray
    10 | D        | Reached XP level 6. HP: 40/40 MP: 0/0
    10 | D        | Reached XP level 7. HP: 45/45 MP: 0/0
    10 | D        | Learned a level 3 spell: Tukima's Dance
    10 | D        | Reached XP level 8. HP: 50/50 MP: 0/0
    10 | D        | Reached XP level 9. HP: 55/55 MP: 0/0
    10 | D        | Learned a level 4 spell: Petrify
    10 | D        | Reached XP level 10. HP: 60/60 MP: 0/0
    10 | D        | Reached XP level 11. HP: 65/65 MP: 0/0
    10 | D        | Learned a level 4 spell: Cause Fear
    10 | D        | Killed a bag of meat
    10 | D        | Killed a meat berserker
    10 | D        | Killed a bag of meat
    10 | D        | Noticed a bag of meat
    11 | D        | Reached skill level 25 in Spellcasting
    11 | D        | Reached XP level 12. HP: 20/75 MP: 0/0
    11 | D        | Reached XP level 13. HP: 21/80 MP: 0/0
    11 | D        | Learned a level 5 spell: Borgnjor's Vile Clutch
    11 | D        | Reached XP level 14. HP: 22/85 MP: 0/0
    11 | D        | Noticed a large bag of meat
    11 | D        | Noticed a bag of meat
    11 | D        | Noticed a bag of meat
    11 | D        | Noticed a bag of meat
    11 | D        | Noticed a meat berserker
    11 | D        | Noticed a bag of meat
    11 | D        | Annihilated by a meat berserker

Illustrated notes

Levels and vault maps discovered:
D:        meatsprint

Skill      XL: |  1  2  3  4  5  6  7  8  9 10 11 |
---------------+----------------------------------+-----
Axes           | 2 7 |  7.5
Dodging        | 6 9 |  9.6
Stealth        | 5 7 |  7.1
Spellcasting   | 18 25 | 25.3
Fighting       | 2 |  2.3

Action                     |  1- 3 |  4- 6 |  7- 9 | 10-12 | 13-15 || total
---------------------------+-------+-------+-------+-------+-------++-------
  Melee: Executioner's axe |     1 |       |       |     1 |       ||     2
    Use: Scroll            |       |       |       |       |     1 ||     1
  Dodge: Dodged            |     1 |       |       |       |       ||     1

Table legend: (Time is in decaauts)
 A = Elapsed time spent in this place.
 B = Non-inter-level travel time spent in this place.
 C = Inter-level travel time spent in this place.
 D = Time resting spent in this place.
 E = Time spent auto-exploring this place.
 F = Levels seen in this place.
 G = Mean time per level.
                   A        B        C        D        E       F      G
               +--------+--------+--------+--------+--------+-----+--------+
         Total |     12 |     12 |      0 |      0 |      0 |   1 |   12.0 |
       Dungeon |     12 |     12 |      0 |      0 |      0 |   1 |   12.0 |
               +--------+--------+--------+--------+--------+-----+--------+

Top non-repeatable levels by time:
       D: 12 daAuts
